 Dungeon Crawl Stone Soup version 0.21.1-1-g345015f (webtiles) character file.

322 Firecrotchwizard the Charmwright (level 6, -11/51 HPs)
             Began as a Gnoll Skald on Feb 22, 2018.
             Was an Initiate of Ru.
             Killed by nerve-wracking pain
             ... invoked by an orc priest
              (14 damage)
             ... on level 4 of the Dungeon.
             The game lasted 00:09:23 (2946 turns).

Firecrotchwizard the Charmwright (Gnoll Skald)      Turns: 2946, Time: 00:09:24

Health: -11/51     AC:  9    Str: 13    XL:     6   Next: 47%
Magic:  11/14      EV: 13    Int: 18    God:    Ru [......]
Gold:   214        SH:  0    Dex: 17    Spells: 6/15 levels left

rFire    . . .     SeeInvis .   a - +0 spear
rCold    . . .     Gourm    .   (no shield)
rNeg     . . .     Faith    .   l - +0 ring mail
rPois    .         Spirit   .   u - +0 helmet
rElec    .         Reflect  .   (no cloak)
rCorr    .         Harm     .   B - +0 pair of gloves
MR       .....                  p - +0 pair of boots
Stlth    +.........             (no amulet)
HPRegen  0.17/turn              n - ring of flight {+Fly, !d}
MPRegen  0.14/turn              D - +3 ring of dexterity

@: no status effects
A: distributed training, fangs 1, strong nose
a: Renounce Religion, Evoke Flight


You were on level 4 of the Dungeon.
You worshipped Ru.
Ru was noncommittal.
You were not hungry.

You visited 1 branch of the dungeon, and saw 4 of its levels.

You collected 214 gold pieces.

Inventory:

Hand Weapons
 a - a +0 spear (weapon)
 t - a +2 vampiric dagger {!w}
   (You took it off Robin on level 2 of the Dungeon)
 y - a +0 hand axe of freezing
   (You took it off a goblin on level 3 of the Dungeon)
Armour
 b - a +0 leather armour
 l - a +0 ring mail (worn)
   (You found it on level 2 of the Dungeon)
 p - a +0 pair of boots (worn)
   (You found it on level 2 of the Dungeon)
 u - a +0 helmet (worn)
   (You took it off Robin on level 2 of the Dungeon)
 B - a +0 pair of gloves (worn)
   (You found it on level 3 of the Dungeon)
 F - a +0 cloak
   (You found it on level 4 of the Dungeon)
Jewellery
 n - a ring of flight (left hand) {+Fly, !d}
   (You found it on level 2 of the Dungeon)
 D - a +3 ring of dexterity (right hand)
   (You found it on level 3 of the Dungeon)
Wands
 v - a wand of flame (26)
   (You took it off Robin on level 2 of the Dungeon)
 z - a wand of random effects (19)
   (You found it on level 3 of the Dungeon)
Scrolls
 e - 2 scrolls of enchant weapon {unknown}
 g - 5 scrolls of identify {unknown}
 o - 3 scrolls of fog {unknown}
 r - a scroll of random uselessness {unknown}
 s - 3 scrolls of amnesia {unknown}
 w - 3 scrolls of remove curse {unknown}
 x - 2 scrolls of magic mapping {unknown}
 A - a scroll of enchant armour {unknown}
Potions
 f - a potion of heal wounds {unknown}
 h - a potion of magic {unknown}
 i - a potion of berserk rage {unknown}
 j - a potion of haste {unknown}
 k - 2 potions of agility {unknown}
 m - a potion of resistance
 q - a potion of cancellation {unknown}
 C - a potion of mutation {unknown}
Books
 c - a book of Battle
Comestibles
 d - 8 rations {@e1}
 E - 3 chunks of flesh {@w0}


   Skills:
 + Level 5.0 Fighting
 + Level 1.9 Short Blades
 + Level 1.9 Long Blades
 + Level 1.9 Axes
 + Level 1.9 Maces & Flails
 + Level 5.0 Polearms
 + Level 1.9 Staves
 + Level 1.9 Slings
 + Level 1.9 Bows
 + Level 1.9 Crossbows
 + Level 1.9 Throwing
 + Level 3.2 Armour
 + Level 5.0 Dodging
 + Level 1.9 Stealth
 + Level 1.9 Shields
 + Level 1.9 Unarmed Combat
 + Level 5.3 Spellcasting
 + Level 1.5 Conjurations
 + Level 1.5 Hexes
 + Level 5.6 Charms
 + Level 1.5 Summonings
 + Level 1.5 Necromancy
 + Level 1.5 Translocations
 + Level 1.5 Transmutations
 + Level 1.5 Fire Magic
 + Level 1.5 Ice Magic
 + Level 1.5 Air Magic
 + Level 1.5 Earth Magic
 + Level 1.5 Poison Magic
 + Level 2.1 Invocations
 + Level 1.9 Evocations


You had 6 spell levels left.
You knew the following spells:

 Your Spells              Type           Power        Failure   Level  Hunger
a - Infusion              Chrm           ####         2%          1    None
r - Regeneration          Chrm/Necr      ###.......   19%         3    ##.....
s - Shroud of Golubria    Chrm/Tloc      ###.......   9%          2    #......
z - Spectral Weapon       Hex/Chrm       ###.....     19%         3    ##.....


Dungeon Overview and Level Annotations

Branches:
Dungeon (4/15)
 Temple: D:4-7

Altars:
Nemelex Xobeh
Okawaru
Ru

Annotations:
D:2 1 runed door


Innate Abilities, Weirdness & Mutations

Your experience applies equally to all skills.
You have very sharp teeth.
Your uncanny sense of smell can sniff out nearby items.


Message History

You bite the orc wizard, but do no damage.
The orc wizard barely misses you.
You hit the orc wizard but do no damage.
The orc wizard barely misses you.
The orc wizard hits you but does no damage.
You closely miss the orc wizard.
The orc wizard hits you but does no damage.
You hit the orc wizard but do no damage.
Your bite misses the orc wizard.
The orc wizard casts a spell.
The orc wizard blinks!
The orc wizard casts a spell.
The orc wizard blinks!
You are no longer magically infusing your attacks.
o - 3 scrolls labeled ROAXYRI QERAU (gained 2)
Things that are here:
a dagger; a robe
Things that are here:
a ring mail; an orc corpse You butcher the orc corpse.
Things that are here:
a ring mail; a chunk of flesh {@w0} You are too injured to fight recklessly!
You are too injured to fight recklessly!
You are too injured to fight recklessly!
Attack whom?
Aim: an orc wizard, wielding a dagger and wearing a robe (lightly wounded, fast)
You reach to attack!
You barely miss the orc wizard.
The orc wizard gestures at you while chanting.
The magic dart hits you!
Attack whom?
Aim: an orc wizard, wielding a dagger and wearing a robe (lightly wounded, fast)
You hit the orc wizard. Your punch misses the orc wizard.
The orc wizard hits you with a dagger.
You take 1 damage, and have 27/50 hp.
You hit the orc wizard but do no damage.
The orc wizard closely misses you.
You hit the orc wizard.
The orc wizard hits you with a dagger. x2
You take 5 damage, and have 22/50 hp.
You closely miss the orc wizard. The orc wizard misses you.
Aim: an orc wizard, wielding a dagger and wearing a robe (heavily wounded, fast)
The puff of flame hits the orc wizard.
The orc wizard casts a spell at you. The magic dart hits you!
* * * LOW HITPOINT WARNING * * *
The orc wizard gestures at you while chanting.
The magic dart hits you!
* * * LOW HITPOINT WARNING * * *
You take 10 damage, and have 12/50 hp.
Aim: an orc wizard, wielding a dagger and wearing a robe (almost dead, fast)
The puff of flame hits the orc wizard.
The orc wizard appears unharmed.
The orc wizard gestures at you while chanting.
The magic dart hits you!
* * * LOW HITPOINT WARNING * * *
You take 7 damage, and have 5/50 hp.
Aim: an orc wizard, wielding a dagger and wearing a robe (almost dead, fast)
The puff of flame hits the orc wizard.
You kill the orc wizard!
Your Fighting skill increases to level 5!
Your Polearms skill increases to level 5!
Your Dodging skill increases to level 5!
You start resting.
Some of the chunks of flesh in your inventory have rotted away.
An adder comes into view.
You regained 9 hp, and now have 14/51 hp.
You regained 7 mp, and now have 9/14 mp.
You now have 214 gold pieces (gained 10).
Things that are here:
a dagger; a robe; an orc corpse You butcher the orc corpse.
E - 4 chunks of flesh {@w0} (gained 1)
Things that are here:
a dagger; a robe Some of the chunks of flesh in your inventory have rotted away.
F - a cloak
s - 3 scrolls labeled JEMURY ESI (gained 1)
x - 2 scrolls labeled WIQIARA HINLA (gained 1)
You start resting.
An orc priest comes into view. It is wielding a club.
You regained 9 hp, and now have 26/51 hp.
MP restored: 14 The orc priest shouts!
The orc priest mumbles some strange prayers to Beogh against you.
Beogh smites you!
* * * LOW HITPOINT WARNING * * *
You take 11 damage, and have 15/51 hp.
MASSIVE DAMAGE!!
The orc priest looks encouraged for a moment.
You draw out your weapon's spirit!
The orc priest invokes the aid of Beogh against you.
Beogh smites you!
* * * LOW HITPOINT WARNING * * *
You take 13 damage, and have 3/51 hp.
MASSIVE DAMAGE!!
You now have 11/14 mp.
The orc priest miscasts a cantrip.
An orc comes into view. It is wielding a hand axe.
The orc priest invokes the aid of Beogh against you.
Pain shoots through your body!
You die...

#..# ######### #..##
#.......# #)).##
#.......########.#...
#................#...
#.......##...)..##...
#.....(.##......##...
..##..(......)[.........
..........@......)...#.....
###...........o.o....#.#...
#.###.......##o..........
.. ........!#..........รท.
.. ...........#....###...<.
. ....#........#......####
....#...##...#.#.##.# ...
.....#.......##.# .. ..#


You could see an orc priest, 2 orcs and a friendly spectral spear.

Vanquished Creatures
  An orc priest (D:4)
  4 orc wizards (D:4)
  Robin (D:2)
  7 adders
  An adder skeleton (D:4)
  2 worms
  A dart slug (D:1)
  4 leopard geckos
  An orc (D:4)
  8 bats
  7 giant cockroaches (D:3)
  15 goblins
  8 hobgoblins
  11 jackals
  2 quokkas
  2 ball pythons (D:3)
  7 frilled lizards
  11 kobolds
  7 rats
100 creatures vanquished.

Notes
Turn   | Place    | Note
-------+----------+-------------------------------------------
     0 | D:1      | Firecrotchwizard the Gnoll Skald began the quest for the Orb.
     0 | D:1      | Reached XP level 1. HP: 20/20 MP: 6/6
   124 | D:1      | Reached XP level 2. HP: 23/26 MP: 4/7
   511 | D:1      | Learned a level 2 spell: Shroud of Golubria
   540 | D:1      | You fall through a shaft!
   583 | D:2      | Reached XP level 3. HP: 27/31 MP: 6/9
   587 | D:2      | Reached skill level 5 in Spellcasting
   706 | D:2      | Reached skill level 1 in Invocations
   752 | D:2      | Found a sacrificial altar of Ru.
   760 | D:2      | Became a worshipper of Ru the Awakened
   863 | D:2      | Found a runed door.
  1048 | D:2      | Found a sacrificial altar of Ru.
  1125 | D:2      | Reached skill level 1 in Short Blades
  1125 | D:2      | Reached skill level 1 in Long Blades
  1125 | D:2      | Reached skill level 1 in Axes
  1125 | D:2      | Reached skill level 1 in Maces & Flails
  1125 | D:2      | Reached skill level 1 in Staves
  1125 | D:2      | Reached skill level 1 in Slings
  1125 | D:2      | Reached skill level 1 in Bows
  1125 | D:2      | Reached skill level 1 in Crossbows
  1125 | D:2      | Reached skill level 1 in Throwing
  1125 | D:2      | Reached skill level 1 in Stealth
  1125 | D:2      | Reached skill level 1 in Shields
  1125 | D:2      | Reached skill level 1 in Unarmed Combat
  1125 | D:2      | Reached skill level 1 in Evocations
  1129 | D:2      | Reached XP level 4. HP: 38/38 MP: 2/11
  1141 | D:2      | Noticed Robin
  1184 | D:2      | Killed Robin
  1472 | D:2      | Learned a level 3 spell: Regeneration
  1476 | D:2      | Learned a level 3 spell: Spectral Weapon
  1630 | D:3      | Found a sparkling altar of Nemelex Xobeh.
  1649 | D:3      | Reached skill level 1 in Conjurations
  1649 | D:3      | Reached skill level 1 in Hexes
  1649 | D:3      | Reached skill level 1 in Summonings
  1649 | D:3      | Reached skill level 1 in Necromancy
  1649 | D:3      | Reached skill level 1 in Translocations
  1649 | D:3      | Reached skill level 1 in Transmutations
  1649 | D:3      | Reached skill level 1 in Fire Magic
  1649 | D:3      | Reached skill level 1 in Ice Magic
  1649 | D:3      | Reached skill level 1 in Air Magic
  1649 | D:3      | Reached skill level 1 in Earth Magic
  1649 | D:3      | Reached skill level 1 in Poison Magic
  2006 | D:3      | Reached XP level 5. HP: 42/43 MP: 12/12
  2356 | D:3      | Found an iron altar of Okawaru.
  2599 | D:4      | Reached skill level 3 in Armour
  2745 | D:4      | Reached skill level 2 in Invocations
  2745 | D:4      | Reached XP level 6. HP: 44/50 MP: 0/13
  2813 | D:4      | HP: 12/50 [orc wizard/magic dart (2)]
  2814 | D:4      | HP: 5/50 [orc wizard/magic dart (8)]
  2815 | D:4      | Reached skill level 5 in Fighting
  2815 | D:4      | Reached skill level 5 in Polearms
  2815 | D:4      | Reached skill level 5 in Dodging
  2944 | D:4      | HP: 3/51 [orc priest/divine providence (13)]
  2946 | D:4      | Killed from afar by an orc priest

Skill      XL: |  1  2  3  4  5  6 |
---------------+-------------------+-----
Spellcasting   | 5 |  5.3
Invocations    | 1 2 |  2.1
Short Blades   | 1 |  1.9
Long Blades    | 1 |  1.9
Axes           | 1 |  1.9
Maces & Flails | 1 |  1.9
Staves         | 1 |  1.9
Slings         | 1 |  1.9
Bows           | 1 |  1.9
Crossbows      | 1 |  1.9
Throwing       | 1 |  1.9
Stealth        | 1 |  1.9
Shields        | 1 |  1.9
Unarmed Combat | 1 |  1.9
Evocations     | 1 |  1.9
Conjurations   | 1 |  1.5
Hexes          | 1 |  1.5
Summonings     | 1 |  1.5
Necromancy     | 1 |  1.5
Translocations | 1 |  1.5
Transmutations | 1 |  1.5
Fire Magic     | 1 |  1.5
Ice Magic      | 1 |  1.5
Air Magic      | 1 |  1.5
Earth Magic    | 1 |  1.5
Poison Magic   | 1 |  1.5
Armour         | 3 |  3.2
Fighting       | 5 |  5.0
Polearms       | 5 |  5.0
Dodging        | 5 |  5.0
Charms         | |  5.6

Action                   |  1- 3 |  4- 6 || total
-------------------------+-------+-------++-------
Melee: Spear             |   135 |   242 ||   377
       Bite              |     6 |    24 ||    30
       Punch             |     1 |       ||     1
 Cast: Infusion          |     6 |    13 ||    19
       Shroud of Golubri |       |     3 ||     3
       Spectral Weapon   |       |     3 ||     3
Invok: Reject Sacrifices |       |     1 ||     1
Evoke: Wand              |       |     3 ||     3
 Stab: Distracted        |       |     3 ||     3
  Eat: Chunk             |     1 |     6 ||     7
Armor: Leather armour    |    15 |       ||    15
       Ring mail         |    10 |    79 ||    89
Dodge: Dodged            |    75 |   152 ||   227

Vault maps used:
D:1:      dpeg_arrival_ratfight
D:2:      lemuel_coloured_pillars_altar, small_statue_intersection,
          nicolae_ru_the_path_less_chosen, uniq_crazy_yiuf_cottage, uniq_robin
D:3:      nemelex_xobeh_ov_fountains_minmay, gup_sewer_entry_pipe,
          okawaru_gym_becter
D:4:      dancing_weapons_uskayaw, grunt_dithmenos_shadows, minmay_box_of_dots

Table legend:
 A = Turns spent in this place as a percentage of turns spent in the entire game.
 B = Non-inter-level travel turns spent in this place as a percentage of non-inter-level travel turns spent in the entire game.
 C = Inter-level travel turns spent in this place as a percentage of turns spent in this place.
 D = Turns resting spent in this place as a percentage of non-inter-level travel turns spent in this place.
 E = Turns spent auto-exploring this place as a percentage of non-inter-level travel turns spent in this place.
 F = Non-inter-level travel turns spent in this place divided by the number of levels of this place that you've seen.
                   A       B       C       D       E      F
               +-------+-------+-------+-------+-------+----------------------
         Total | 100.0 | 100.0 |   2.0 |  34.4 |  39.5 | 721.5
       Dungeon | 100.0 | 100.0 |   2.0 |  34.4 |  39.5 | 721.5
               +-------+-------+-------+-------+-------+----------------------

Table legend:
 A = Kills in this place as a percentage of kills in entire the game.
 B = Kills by you in this place as a percentage of kills by you in the entire game.
 C = Kills by friends in this place as a percentage of kills by friends in the entire game.
 D = Other kills in this place as a percentage of other kills in the entire game.
 E = Experience gained in this place as a percentage of experience gained in the entire game.
 F = Experience gained in this place divided by the number of levels of this place that you have seen.
                   A       B       C       D       E      F
               +-------+-------+-------+-------+-------+----------------------
         Total | 100.0 | 100.0 |   N/A |   N/A | 100.0 | 115.0
       Dungeon | 100.0 | 100.0 |   N/A |   N/A | 100.0 | 115.0
               +-------+-------+-------+-------+-------+----------------------
